SA
WASHINGTON GENERALS @ LAREDO HAWKS
07/28/2042
 
TOP OF THE 1ST
Washington Generals batting - Pitching for Laredo Hawks : RHP Gavriil Wolfson
Pitching: RHP Gavriil Wolfson
Batting: LHB Gabriel Gonzáles 0-0: Ball
1-0: Fly out, F5 (Flyball, 5D, EV 82.5 MPH)
Batting: RHB Asko Huhtamo 0-0: Ball
1-0: Ball
2-0: Called Strike
2-1: Fly out, F8 (Flyball, 89D, EV 99.4 MPH)
Batting: LHB Cho-yun Yip 0-0: Foul Ball, location: 2F
0-1: Swinging Strike
0-2: Foul Ball, location: 2F
0-2: Foul Ball, location: 2F
0-2: Ball
1-2: Ball
2-2: Ball
3-2: Strikes out swinging
Top of the 1st over - 0 runs, 0 hits, 0 errors, 0 left on base; Washington 0 - Laredo 0
BOTTOM OF THE 1ST
Laredo Hawks batting - Pitching for Washington Generals : RHP Bill Slaughter
Pitching: RHP Bill Slaughter
Batting: RHB Victor Jensen 0-0: Ball
1-0: Ball
2-0: Called Strike
2-1: Ball
3-1: Bunted foul
3-2: Strikes out swinging
Batting: RHB Elwiin de Meij 0-0: Called Strike
0-1: Ball
1-1: Foul Ball, location: 2F
1-2: Ball
2-2: Strikes out looking
Batting: RHB Woody Maxwell 0-0: Ball
1-0: Ball
2-0: SINGLE (Line Drive, 6MD, EV 103.1 MPH)
Batting: RHB Neung-uk Yi 0-0: Called Strike
0-1: Ball
1-1: Foul Ball, location: 2F
1-2: Strikes out swinging
Bottom of the 1st over - 0 runs, 1 hit, 0 errors, 1 left on base; Washington 0 - Laredo 0
TOP OF THE 2ND
Washington Generals batting - Pitching for Laredo Hawks : RHP Gavriil Wolfson
Batting: RHB Joe Gilmore 0-0: Ball
1-0: Ball
2-0: Called Strike
2-1: Foul Ball, location: 2F
2-2: Ground out 5-3 (Groundball, 56S, EV 86.2 MPH)
Batting: RHB Augusto Manito 0-0: Ball
1-0: Called Strike
1-1: Called Strike
1-2: Ground out 1-3 (Groundball, 15S, EV 66.9 MPH)
Batting: RHB Gadiel Fida 0-0: Ground out 5-3 (Groundball, 56S, EV 70.0 MPH)
Top of the 2nd over - 0 runs, 0 hits, 0 errors, 0 left on base; Washington 0 - Laredo 0
BOTTOM OF THE 2ND
Laredo Hawks batting - Pitching for Washington Generals : RHP Bill Slaughter
Batting: LHB Scott Beavis 0-0: Called Strike
0-1: Ball
1-1: Fly out, F7 (Line Drive, 7, EV 93.1 MPH)
Batting: RHB Steve Turner 0-0: Called Strike
0-1: Ball
1-1: Foul Ball, location: 2F
1-2: Ball
2-2: Strikes out swinging
Batting: LHB João Lourenço 0-0: Ground out 5-3 (Groundball, 56, EV 90.0 MPH)
Bottom of the 2nd over - 0 runs, 0 hits, 0 errors, 0 left on base; Washington 0 - Laredo 0
TOP OF THE 3RD
Washington Generals batting - Pitching for Laredo Hawks : RHP Gavriil Wolfson
Batting: RHB Xavier Hutchesson 0-0: Ball
1-0: Swinging Strike
1-1: Ball
2-1: Ball
3-1: Swinging Strike
3-2: Strikes out swinging
Batting: RHB Mo Westoby 0-0: Ball
1-0: Called Strike
1-1: Swinging Strike
1-2: Ball
2-2: Ball
3-2: Reached on error, E6 (Groundball, 6S, EV 71.2 MPH)
Batting: RHB Nick Sims 0-0: Ball
1-0: Called Strike
1-1: Ball
2-1: Swinging Strike
2-2: Foul Ball, location: 2F
2-2: Ball
3-2: Foul Ball, location: 2F
3-2: Strikes out swinging
Batting: LHB Gabriel Gonzáles 0-0: Fielders Choice at 2nd, 6-4 (Groundball, 6, EV 85.6 MPH)
Top of the 3rd over - 0 runs, 0 hits, 1 error, 1 left on base; Washington 0 - Laredo 0
BOTTOM OF THE 3RD
Laredo Hawks batting - Pitching for Washington Generals : RHP Bill Slaughter
Batting: LHB George McLean 0-0: Ball
1-0: Foul Ball, location: 2F
1-1: Called Strike
1-2: Strikes out swinging
Batting: RHB Lynn Medlen 0-0: Ball
1-0: Fly out, F8 (Flyball, 8RM, EV 85.0 MPH)
Batting: RHB Victor Jensen 0-0: Called Strike
0-1: Swinging Strike
0-2: Foul Ball, location: 2F
0-2: Strikes out looking
Bottom of the 3rd over - 0 runs, 0 hits, 0 errors, 0 left on base; Washington 0 - Laredo 0
TOP OF THE 4TH
Washington Generals batting - Pitching for Laredo Hawks : RHP Gavriil Wolfson
Batting: RHB Asko Huhtamo 0-0: Ball
1-0: Foul Ball, location: 2F
1-1: Called Strike
1-2: SINGLE (Line Drive, 56D, EV 99.4 MPH)
Batting: LHB Cho-yun Yip 0-0: Ball
1-0: Ball
2-0: Called Strike
2-1: Foul Ball, location: 2F
2-2: Ball
3-2: Foul Ball, location: 2F
3-2: DOUBLE (Line Drive, 9LS, EV 106.9 MPH)
Asko Huhtamo to third
Runner from 3rd tries for Home, SAFE, no throw by RF
Batting: RHB Joe Gilmore 0-0: Swinging Strike
0-1: Foul Ball, location: 2F
0-2: Ball
1-2: Strikes out swinging, 2-3 out at first.
Batting: RHB Augusto Manito 0-0: Ball
1-0: Ball
2-0: Foul Ball, location: 2F
2-1: SINGLE (Groundball, 56, EV 104.4 MPH) (infield hit)
Cho-yun Yip to third
Batting: RHB Gadiel Fida 0-0: Ball
1-0: Called Strike
1-1: Called Strike
1-2: Strikes out looking
Batting: RHB Xavier Hutchesson 0-0: Called Strike
0-1: Called Strike
0-2: Ball
1-2: Ball
2-2: Ball
3-2: Strikes out swinging
Top of the 4th over - 1 run, 3 hits, 0 errors, 2 left on base; Washington 1 - Laredo 0
BOTTOM OF THE 4TH
Laredo Hawks batting - Pitching for Washington Generals : RHP Bill Slaughter
Batting: RHB Elwiin de Meij 0-0: Ball
1-0: Ball
2-0: Called Strike
2-1: Swinging Strike
2-2: Foul Ball, location: 2F
2-2: Foul Ball, location: 2F
2-2: Strikes out swinging
Batting: RHB Woody Maxwell 0-0: Called Strike
0-1: Ball
1-1: Ball
2-1: Fly out, F8 (Flyball, 78XD, EV 97.5 MPH)
Batting: RHB Neung-uk Yi 0-0: Ball
1-0: SOLO HOME RUN (Flyball, 89XD, EV 89.4 MPH), Distance : 423 ft
Batting: LHB Scott Beavis 0-0: Called Strike
0-1: Ball
1-1: Ball
2-1: Ball
3-1: Foul Ball, location: 2F
3-2: Base on Balls
Batting: RHB Steve Turner 0-0: Called Strike
0-1: Swinging Strike
0-2: Ball
1-2: Ball
2-2: Ball
Wild Pitch!
Scott Beavis to second
3-2: Strikes out swinging
Bottom of the 4th over - 1 run, 1 hit, 0 errors, 1 left on base; Washington 1 - Laredo 1
TOP OF THE 5TH
Washington Generals batting - Pitching for Laredo Hawks : RHP Gavriil Wolfson
Batting: RHB Mo Westoby 0-0: Fly out, F9 (Flyball, 9, EV 85.0 MPH)
Batting: RHB Nick Sims 0-0: Ball
1-0: Ball
2-0: Called Strike
2-1: SINGLE (Groundball, 6D, EV 99.4 MPH)
Batting: LHB Gabriel Gonzáles 0-0: Ground out 5-3 (Groundball, 5, EV 110.0 MPH)
Nick Sims to second
Batting: RHB Asko Huhtamo 0-0: Foul Ball, location: 2F
0-1: Ball
1-1: Ball
2-1: Ball
3-1: Foul Ball, location: 2F
3-2: Strikes out swinging
Top of the 5th over - 0 runs, 1 hit, 0 errors, 1 left on base; Washington 1 - Laredo 1
BOTTOM OF THE 5TH
Laredo Hawks batting - Pitching for Washington Generals : RHP Bill Slaughter
Batting: LHB João Lourenço 0-0: Ball
1-0: Called Strike
1-1: Swinging Strike
1-2: Ball
2-2: Ball
3-2: SINGLE (Line Drive, 8RS, EV 106.9 MPH)
Batting: LHB George McLean 0-0: Sac Bunt to 15S - play at first, batter OUT! 1-3
João Lourenço to second
Batting: RHB Lynn Medlen 0-0: SINGLE (Line Drive, 89S, EV 91.9 MPH)
João Lourenço to third
Batting: RHB Victor Jensen 0-0: Called Strike
0-1: Called Strike
0-2: Fly out, F8 (Flyball, 8RD, EV 105.6 MPH)
Batting: RHB Elwiin de Meij 0-0: Ball
1-0: Fly out, F8 (Flyball, 8RD, EV 83.8 MPH)
Bottom of the 5th over - 0 runs, 2 hits, 0 errors, 2 left on base; Washington 1 - Laredo 1
TOP OF THE 6TH
Washington Generals batting - Pitching for Laredo Hawks : RHP Gavriil Wolfson
Pitching: RHP De'Coldest Crawford
Batting: LHB Cho-yun Yip 0-0: Ball
1-0: Ball
2-0: Ball
3-0: Called Strike
3-1: Called Strike
3-2: Base on Balls
Batting: RHB Joe Gilmore 0-0: Ball
1-0: Ball
2-0: Fly out, F8 (Flyball, 89D, EV 100.6 MPH)
Batting: RHB Augusto Manito 0-0: Ball
Cho-yun Yip is caught stealing 2nd base 2-4
1-0: Swinging Strike
1-1: Swinging Strike
1-2: Ball
2-2: Ball
3-2: Strikes out swinging
Top of the 6th over - 0 runs, 0 hits, 0 errors, 0 left on base; Washington 1 - Laredo 1
BOTTOM OF THE 6TH
Laredo Hawks batting - Pitching for Washington Generals : RHP Bill Slaughter
Batting: RHB Woody Maxwell 0-0: Ball
1-0: Foul Ball, location: 2F
1-1: Ball
2-1: Ball
3-1: Foul Ball, location: 2F
3-2: Base on Balls
Batting: RHB Neung-uk Yi 0-0: Fly out, F9 (Flyball, 89S, EV 72.5 MPH)
Batting: LHB Scott Beavis 0-0: 2-RUN HOME RUN (Flyball, 89XD, EV 98.1 MPH), Distance : 433 ft
Batting: RHB Steve Turner 0-0: Called Strike
0-1: DOUBLE (Line Drive, 7LS, EV 96.2 MPH)
Batting: LHB João Lourenço 0-0: Called Strike
0-1: Ball
1-1: Ball
2-1: Ball
3-1: Foul Ball, location: 2F
3-2: Foul Ball, location: 2F
3-2: Base on Balls
Batting: LHB George McLean 0-0: Called Strike
0-1: Ball
1-1: Called Strike
1-2: Strikes out swinging
Batting: RHB Lynn Medlen 0-0: Called Strike
0-1: Ball
1-1: Called Strike
1-2: Ball
2-2: DOUBLE (Line Drive, 8RD, EV 106.9 MPH)
Steve Turner scores
João Lourenço to third
Pitching: LHP Yeong-min Cho
Batting: RHB Victor Jensen 0-0: Ground out 6-3 (Groundball, 6, EV 84.4 MPH)
Bottom of the 6th over - 3 runs, 3 hits, 0 errors, 2 left on base; Washington 1 - Laredo 4
TOP OF THE 7TH
Washington Generals batting - Pitching for Laredo Hawks : RHP De'Coldest Crawford
Batting: RHB Gadiel Fida 0-0: Called Strike
0-1: Ball
1-1: Ground out U3 (Groundball, 3, EV 93.8 MPH)
Batting: RHB Xavier Hutchesson 0-0: Called Strike
0-1: Ball
1-1: Swinging Strike
1-2: Foul Ball, location: 2F
1-2: Ball
2-2: Ball
3-2: Strikes out looking
Batting: RHB Mo Westoby 0-0: Called Strike
0-1: Foul Ball, location: 2F
0-2: Ball
1-2: Strikes out swinging
Top of the 7th over - 0 runs, 0 hits, 0 errors, 0 left on base; Washington 1 - Laredo 4
BOTTOM OF THE 7TH
Laredo Hawks batting - Pitching for Washington Generals : LHP Yeong-min Cho
Batting: RHB Elwiin de Meij 0-0: Ball
1-0: Called Strike
1-1: Called Strike
1-2: Fly out, F2 (Popup, 23F, EV 86.2 MPH)
Batting: RHB Woody Maxwell 0-0: Called Strike
0-1: Swinging Strike
0-2: Strikes out swinging
Batting: RHB Neung-uk Yi 0-0: Ball
1-0: Ball
2-0: Ball
3-0: Called Strike
3-1: Base on Balls
Batting: LHB Scott Beavis 0-0: Ball
1-0: Called Strike
1-1: Called Strike
1-2: Ball
2-2: Strikes out swinging
Bottom of the 7th over - 0 runs, 0 hits, 0 errors, 1 left on base; Washington 1 - Laredo 4
TOP OF THE 8TH
Washington Generals batting - Pitching for Laredo Hawks : RHP De'Coldest Crawford
Batting: RHB Nick Sims 0-0: Swinging Strike
0-1: Foul Ball, location: 2F
0-2: Fly out, F8 (Flyball, 8LXD, EV 103.1 MPH)
Batting: LHB Gabriel Gonzáles 0-0: Ground out U3 (Groundball, 34, EV 90.0 MPH)
Batting: RHB Asko Huhtamo 0-0: Called Strike
0-1: Ball
1-1: Foul Ball, location: 2F
1-2: Foul Ball, location: 2F
1-2: Foul Ball, location: 2F
1-2: Foul Ball, location: 2F
1-2: Foul Ball, location: 2F
1-2: Ball
2-2: Ball
3-2: Fly out, F8 (Line Drive, 8LM, EV 88.1 MPH)
Top of the 8th over - 0 runs, 0 hits, 0 errors, 0 left on base; Washington 1 - Laredo 4
BOTTOM OF THE 8TH
Laredo Hawks batting - Pitching for Washington Generals : LHP Yeong-min Cho
Batting: RHB Steve Turner 0-0: Called Strike
0-1: Swinging Strike
0-2: Ball
1-2: Strikes out swinging
Batting: LHB João Lourenço 0-0: Called Strike
0-1: Ball
1-1: Ball
2-1: DOUBLE (Line Drive, 9LS, EV 105.6 MPH)
Batting: LHB George McLean 0-0: Ball
1-0: Ball
2-0: Swinging Strike
2-1: Ground out 6-3 (Groundball, 6M, EV 102.5 MPH)
João Lourenço to third
Batting: RHB Lynn Medlen 0-0: Ball
1-0: Swinging Strike
1-1: Foul Ball, location: 2F
1-2: Foul Ball, location: 2F
1-2: Fly out, F6 (Line Drive, 6, EV 64.4 MPH)
Bottom of the 8th over - 0 runs, 1 hit, 0 errors, 1 left on base; Washington 1 - Laredo 4
TOP OF THE 9TH
Washington Generals batting - Pitching for Laredo Hawks : RHP De'Coldest Crawford
Pitching: RHP André Noël
Batting: LHB Cho-yun Yip 0-0: Swinging Strike
0-1: Foul Ball, location: 2F
0-2: Ball
1-2: Ball
2-2: Strikes out swinging
Batting: RHB Joe Gilmore 0-0: Called Strike
0-1: Ball
1-1: Fly out, F3 (Line Drive, 3, EV 70.0 MPH)
Batting: RHB Augusto Manito 0-0: Ball
1-0: Ball
2-0: Ball
3-0: Base on Balls
Batting: RHB Gadiel Fida 0-0: SINGLE (Flyball, 89S, EV 85.6 MPH)
Augusto Manito to second
Pinch Hitting: SHB Nathan Polkinghorne 0-0: Called Strike
0-1: Ball
1-1: Ball
2-1: Foul Ball, location: 2F
2-2: Ball
3-2: Ground out 4-3 (Groundball, 34, EV 105.6 MPH)
Top of the 9th over - 0 runs, 1 hit, 0 errors, 2 left on base; Washington 1 - Laredo 4
Friday, March 26th, 2021 - OOTP Baseball 20.8 Build 74